 Dungeon Crawl Stone Soup version 0.29-a0-555-g3b24f45cc1 (webtiles) character file.

Game seed: 1569644492304262536

67 Hubjo the Insei (level 3, -1/27 HPs)
             Began as a Demonspawn Transmuter on June 7, 2022.
             Was a Follower of Qazlal.
             Slain by a gnoll
             ... wielding a +0 spear
              (4 damage)
             ... on level 2 of the Dungeon.
             The game lasted 00:01:56 (1819 turns).

Hubjo the Insei (Demonspawn Transmuter)             Turns: 1819, Time: 00:01:57

Health: -1/27      AC:  5    Str: 10    XL:     3   Next: 98%
Magic:  6/6        EV: 12    Int: 14    God:    Qazlal [*.....]
Gold:   59         SH:  2    Dex: 15    Spells: 5/6 levels left

rFire   . . .      SeeInvis .     - Unarmed
rCold   . . .      Faith    .   (no shield)
rNeg    . . .      Spirit   .   a - +1 robe
rPois   .          Reflect  .   (helmet currently unavailable)
rElec   .          Harm     .   (no cloak)
rCorr   .          Rampage  .   (no gloves)
Will    .....                   (boots currently unavailable)
Stlth   ++........              (no amulet)
HPRegen 0.09/turn               (no ring)
MPRegen 0.10/turn               (no ring)

@: mighty, appendages (expiring), invisible
A: horns 2, talons 2, icy blue scales 1
a: End Transformation, Renounce Religion


You were on level 2 of the Dungeon.
You worshipped Qazlal.
Qazlal was aware of your devotion.
You had temporarily grown beastly horns and talons.
You visited 1 branch of the dungeon, and saw 2 of its levels.

You collected 59 gold pieces.

Inventory:

Armour
 a - a +1 robe (worn)
Jewellery
 d - an amulet of the acrobat
Scrolls
 c - a scroll of acquirement {unknown}
 g - a scroll of fog
 h - a scroll of teleportation {unknown}
Potions
 b - a potion of lignification
 e - a potion of curing {unknown}
 f - a potion of might
 j - a potion of resistance {unknown}


   Skills:
 + Level 2.1 Fighting
 - Level 1.7 Dodging
 + Level 1.4 Stealth
 + Level 3.1 Unarmed Combat
 + Level 2.3 Spellcasting
 * Level 2.2 Transmutations


You had 5 spell levels left.
You knew the following spells:

 Your Spells              Type           Power      Damage    Failure   Level
a - Beastly Appendage     Tmut           16%        N/A       9%          1

Your spell library contained the following spells:

 Spells                   Type           Power      Damage    Failure   Level
 Wereblood                Tmut           8%         N/A       14%         2
 Spider Form              Tmut/Pois      4%         N/A       41%         3
 Ice Form                 Ice/Tmut       4%         N/A       82%         4


Dungeon Overview and Level Annotations

Branches:
Dungeon (2/15)

Altars:
Qazlal


Innate Abilities, Weirdness & Mutations

You have temporarily grown beastly horns and talons.
You are partially covered in icy blue scales. (AC +2)


Message History

Your horns disappear.
Your talons disappear.
j - a brown potion You open the door.
There is an open door here.
A gnoll comes into view. It is wielding a +0 spear.
A gnoll is nearby!
You grow a pair of large bovine horns.
Your feet morph into talons. 2 gnolls come into view.
The gnoll shouts! x2; You hear a shout!
The gnoll shouts!
A gnoll comes into view. It is wielding a +0 flail.
Your transformation is almost over.
The gnoll hits you but does no damage.
The gnoll hits you from afar with a +0 spear.
You hit the gnoll. You claw the gnoll, but do no damage.
The gnoll is moderately wounded.
The gnoll barely misses you.
The gnoll hits you from afar with a +0 spear!
You barely miss the gnoll. Your kick misses the gnoll. You headbutt the gnoll!
You kill the gnoll!
Qazlal accepts your kill. The gnoll closely misses you.
You hit the gnoll. You claw the gnoll.
The gnoll is moderately wounded.
The gnoll hits you from afar with a +0 spear.
The gnoll hits you with a +0 flail.
You hit the gnoll.
The gnoll is heavily wounded.
The gnoll hits you from afar with a +0 spear.
* * * LOW HITPOINT WARNING * * *
The gnoll completely misses you.
It was a potion of might.
You feel very mighty all of a sudden.
The gnoll hits you from afar with a +0 spear.
* * * LOW HITPOINT WARNING * * *
The gnoll hits you with a +0 flail.
* * * LOW HITPOINT WARNING * * *
You fade into invisibility!
The gnoll hits you from afar with a +0 spear.
You die...

#######'#...# #.....'.........
............# #.....###.##.###
............# #.....# #.##.# #
...[........# #.....# #..#.# #
............# #.....# ##.#.# #
##.........####.########.#.###
#.........'..#...............
#.........##.# ########.#.###
#.........##@# #...#
#.........##g# ##..#
#.........##gg ..>#
#.........##..# #####
#.........##..#
#.........##..# #..# #..#


You could see 3 gnolls.

Vanquished Creatures
  A gnoll (D:2)
  2 adders (D:2)
  A worm (D:2)
  2 ball pythons
  2 endoplasms (D:1)
  2 giant cockroaches (D:2)
  5 hobgoblins
  4 quokkas
  2 bats
  6 frilled lizards
  4 goblins
  3 kobolds
  A rat (D:1)
35 creatures vanquished.

Notes
Turn   | Place    | Note
-------+----------+-------------------------------------------
     0 | D:1      | Hubjo the Demonspawn Transmuter began the quest for the
                  | Orb.
     0 | D:1      | Reached XP level 1. HP: 15/15 MP: 3/3
   275 | D:1      | Gained mutation: You are partially covered in icy blue
                  | scales. (AC +2) [demonic ancestry]
   275 | D:1      | Reached XP level 2. HP: 21/21 MP: 3/5
   512 | D:1      | Reached skill level 1 in Stealth
  1143 | D:2      | Found a faded altar of an unknown god.
  1174 | D:2      | Prayed at the altar of an unknown god.
  1174 | D:2      | Became a worshipper of Qazlal Stormbringer
  1174 | D:2      | Reached * piety under Qazlal
  1241 | D:2      | Reached XP level 3. HP: 27/27 MP: 4/6
  1315 | D:2      | Reached skill level 3 in Unarmed Combat
  1819 | D:2      | Slain by a gnoll

Illustrated notes

Levels and vault maps discovered:
D:1:      elethiomel_arrival_infinity_welcomes_careful_drivers, layout_rooms,
          kennysheep_minor_cross, kennysheep_doodads, minmay_tree_intersection,
          grunt_decor_fettered, patterned_corridor
D:2:      layout_basic, shapermc_ecumenical_altar_starsandcircs

Skill      XL: |  1  2  3 |
---------------+----------+-----
Transmutations | 2 |  2.2
Stealth        | 1 |  1.4
Unarmed Combat | 3 |  3.1
Fighting       | 2 |  2.1
Dodging        | |  1.7
Spellcasting   | |  2.3

Action                   || total
-------------------------++-------
Melee: Unarmed           ||    81
       Kick              ||    16
       Headbutt          ||    13
       Punch             ||     1
 Cast: Beastly Appendage ||    24
  Use: Potion            ||     5
       Scroll            ||     3
 Stab: Invisible         ||     3
       Sleeping          ||     2
Armor: Robe              ||    20
Dodge: Dodged            ||    44

Table legend: (Time is in decaauts)
 A = Elapsed time spent in this place.
 B = Non-inter-level travel time spent in this place.
 C = Inter-level travel time spent in this place.
 D = Time resting spent in this place.
 E = Time spent auto-exploring this place.
 F = Levels seen in this place.
 G = Mean time per level.
                   A        B        C        D        E       F      G
               +--------+--------+--------+--------+--------+-----+--------+
         Total |   1814 |   1768 |     46 |      0 |   1507 |   2 |  907.0 |
       Dungeon |   1814 |   1768 |     46 |      0 |   1507 |   2 |  907.0 |
               +--------+--------+--------+--------+--------+-----+--------+

Top non-repeatable levels by time:
     D:1: 1129 daAuts
     D:2: 684 daAuts
